Map: Equilibrium LE

Players

SubN

  • Race: Zerg Zerg
  • League: Diamond
  • Spawn Location: 1:00

Phonon - Winner!

  • Race: Zerg Zerg
  • League: Diamond
  • Spawn Location: 11:00

VOD

Have the link to the VOD?

Description

Time

  • Played on: Jan. 23, 2024, 12:13 a.m.
  • Length: 15:07
Show
View Real Time Build Order
Export as new Build Order

SubN Zerg 

Build Orders: Hatch First 

Get SALT Encoding   

  12  0:00  Drone  
  13  0:12  Overlord  
  13  0:17  Drone  
  14  0:30  Drone  
  14  0:33  Drone  
  16  0:46  Drone  
  17  0:52  Hatchery  
  17  0:55  Drone  
  17  0:57  Drone  
  18  1:10  Extractor  
  17  1:13  Spawning Pool  
  17  1:16  Drone  
  17  1:23  Drone  
  18  1:27  Drone  
  19  1:38  Overlord  
  19  1:51  Drone  
  20  2:01  Spine Crawler  
  20  2:02  Queen  
  20  2:04  Queen  
  20  2:05  Zergling x4  
  25  2:14  Metabolic Boost  
  25  2:15  Zergling x2  
  25  2:19  Zergling x2  
  27  2:26  Zergling x4  
  29  2:39  Zergling x4  
  31  2:49  Overlord x2  
  31  3:07  Evolution Chamber  
  31  3:08  Evolution Chamber  
  31  3:12  Roach Warren  
  28  3:15  Queen  
  30  3:21  Drone  
  30  3:23  Drone  
  32  3:32  Drone x2  
  34  3:34  Drone  
  34  3:38  Drone  
  37  3:41  Drone  
  37  3:50  Lair  
  37  3:59  Roach  
  37  4:00  Roach  
  41  4:03  Drone x2  
  41  4:08  Overlord  
  43  4:14  Overlord  
  43  4:20  Drone  
  43  4:23  Overlord  
  44  4:37  Drone x2  
  44  4:38  Hatchery  
  45  4:42  Drone x2  
  45  4:45  Drone x2  
  49  4:49  Glial Reconstitution  
  49  4:56  Drone x3  
  52  5:08  Drone x3  
  52  5:13  Drone, Extractor  
  55  5:15  Drone x2  
  55  5:16  Drone  
  58  5:28  Drone x2  
  60  5:32  Extractor  
  60  5:33  Zerg Missile Weapons Level 1  
  59  5:42  Drone x5  
  64  5:58  Zerg Ground Armor Level 1  
  64  6:07  Roach x2  
  64  6:08  Roach  
  71  6:11  Drone  
  71  6:13  Drone x3  
  71  6:14  Extractor  
  71  6:17  Drone  
  74  6:18  Overlord x3  
  74  6:19  Overlord x3  
  74  6:36  Queen  
  74  6:39  Roach x9  
  94  6:46  Ravager  
  95  6:50  Ravager  
  95  6:53  Roach  
  98  6:54  Roach  
  100  7:08  Ravager x2  
  101  7:13  Drone x11  
  113  7:16  Extractor x2  
  111  7:23  Roach  
  111  7:24  Roach  
  111  7:26  Roach x2  
  119  7:33  Roach  
  118  7:40  Roach x2  
  118  7:41  Roach x4  
  108  7:50  Roach x6  
  109  7:55  Roach x2  
  101  8:01  Roach x3  
  101  8:03  Roach  
  91  8:17  Drone x2  
  91  8:18  Drone x3, Queen  
  98  8:25  Roach x3  
  98  8:26  Roach  
  106  8:33  Zerg Missile Weapons Level 2  
  106  8:37  Roach  
  106  8:38  Roach x4  
  116  8:50  Roach  
  116  8:51  Roach x2  
  122  8:57  Overlord x3  
  122  8:58  Overlord  
  122  9:04  Zerg Ground Armor Level 2  
  122  9:17  Drone x3  
  122  9:18  Drone x7  
  132  9:30  Roach x5  
  132  9:31  Roach x3  
  120  9:42  Roach x6  
  108  10:02  Roach x7  
  122  10:09  Roach x2  
  126  10:23  Overlord x2  
  126  10:25  Infestation Pit, Roach x8  
  141  10:30  Overseer, Hatchery  
  140  10:36  Overlord x3  
  140  10:44  Roach x5  
  150  10:50  Overlord x2  
  150  11:00  Roach x4  
  150  11:01  Roach x3  
  164  11:18  Roach x6  
  174  11:19  Roach  
  174  11:20  Overlord x2  
  158  11:42  Overlord  
  158  11:43  Overlord x3  
  158  11:44  Roach x5  
  166  11:56  Roach x5  
  166  11:57  Roach  
  166  11:59  Queen  
  168  12:06  Roach x4  
  130  12:15  Roach  
  130  12:16  Roach x5  
  130  12:21  Hive  
  140  12:36  Drone x9  
  149  12:40  Roach  
  149  12:41  Overseer  
  151  12:51  Drone x4  
  154  12:53  Extractor  
  154  12:55  Drone x3  
  154  12:56  Drone x4  
  154  12:58  Overlord  
  161  13:17  Roach  
  161  13:18  Extractor, Roach x6  
  174  13:34  Hatchery  
  174  13:35  Viper x3  
  182  13:43  Roach x5  
  192  13:50  Viper x2  
  198  13:59  Evolution Chamber  
  197  14:03  Evolution Chamber  
  197  14:05  Evolution Chamber  
  197  14:08  Drone x2  
  197  14:09  Evolution Chamber  
  196  14:21  Roach x2  
Show
View Real Time Build Order
Export as new Build Order

Phonon Zerg - Winner!

Build Orders: Pool First, Lurkers 

Get SALT Encoding   

  12  0:08  Overlord  
  12  0:13  Drone  
  13  0:18  Drone  
  14  0:27  Drone  
  15  0:33  Drone  
  16  0:43  Spawning Pool  
  16  0:47  Drone  
  16  0:52  Drone  
  17  1:14  Hatchery  
  16  1:19  Extractor  
  15  1:30  Zergling x6  
  18  1:34  Queen  
  20  1:41  Zergling x2  
  22  1:54  Zergling x2  
  22  2:02  Overlord  
  22  2:20  Queen  
  24  2:43  Drone x8, Metabolic Boost  
  31  2:52  Drone  
  31  2:57  Baneling Nest  
  31  3:01  Drone  
  31  3:04  Drone  
  33  3:06  Drone  
  33  3:11  Drone  
  35  3:16  Overlord  
  35  3:23  Overlord  
  35  3:34  Queen  
  35  3:35  Drone x4  
  41  3:47  Lair  
  41  3:50  Overlord  
  41  3:52  Drone x2  
  41  3:53  Drone  
  44  3:57  Extractor  
  44  3:58  Baneling  
  44  3:59  Baneling x2  
  43  4:10  Drone x6  
  49  4:18  Overlord  
  49  4:20  Drone  
  49  4:21  Drone x2, Extractor  
  51  4:32  Drone x2  
  53  4:38  Roach Warren  
  53  4:43  Evolution Chamber  
  53  4:44  Drone x5, Evolution Chamber  
  55  4:52  Extractor  
  54  4:58  Baneling  
  54  5:00  Overlord  
  54  5:05  Spore Crawler  
  53  5:10  Zerg Ground Armor Level 1, Zerg Missile Weapons Level 1  
  53  5:12  Overlord  
  53  5:18  Glial Reconstitution, Hatchery  
  52  5:21  Drone x4  
  56  5:31  Overlord x2  
  56  5:33  Drone x2  
  58  5:36  Roach x2  
  58  5:38  Roach  
  58  5:41  Overlord  
  64  5:46  Roach  
  64  5:48  Overlord  
  68  5:50  Roach  
  68  5:52  Roach  
  68  5:56  Roach  
  72  6:00  Roach x2  
  72  6:03  Roach  
  78  6:04  Overlord  
  78  6:10  Roach  
  80  6:13  Roach  
  80  6:15  Roach  
  84  6:22  Roach x4  
  84  6:24  Roach  
  94  6:27  Roach x2  
  98  6:33  Roach x2  
  98  6:36  Roach  
  104  6:41  Roach  
  104  6:42  Spore Crawler  
  104  6:43  Roach  
  107  6:48  Roach x2  
  107  6:51  Overlord  
  111  6:59  Overseer  
  111  7:00  Spore Crawler  
  110  7:13  Drone x12  
  122  7:15  Overlord  
  122  7:18  Roach  
  122  7:21  Roach  
  126  7:23  Drone  
  126  7:24  Drone  
  126  7:27  Overlord  
  128  7:41  Roach x6  
  124  8:04  Drone x9  
  124  8:05  Drone x3  
  129  8:29  Roach x6  
  129  8:30  Zerg Ground Armor Level 2, Zerg Missile Weapons Level 2  
  141  8:37  Extractor  
  141  8:38  Extractor  
  139  8:47  Hatchery  
  136  8:50  Roach x5  
  144  8:58  Overlord x4  
  144  8:59  Overlord x3  
  144  9:21  Ravager  
  144  9:22  Ravager  
  136  9:31  Roach x7  
  136  9:32  Roach x3  
  136  9:37  Roach x7  
  150  9:40  Roach x5  
  151  9:51  Roach x3  
  152  10:04  Roach x3  
  158  10:12  Ravager  
  158  10:14  Ravager  
  160  10:16  Ravager  
  160  10:17  Hatchery, Ravager  
  161  10:28  Roach x12  
  181  10:35  Ravager  
  186  10:52  Hydralisk Den  
  186  10:53  Infestation Pit  
  184  10:57  Roach x7  
  198  11:20  Roach  
  198  11:22  Overlord x2  
  198  11:23  Overlord x3  
  191  11:44  Hydralisk x6  
  174  12:02  Roach x4  
  174  12:03  Roach x3  
  160  12:10  Roach  
  137  12:19  Hive  
  137  12:21  Grooved Spines  
  137  12:37  Lurker Den  
  137  12:40  Drone x6  
  137  12:43  Drone  
  143  12:51  Hydralisk x11  
  143  12:56  Unknown  
  164  12:58  Roach  
  164  13:01  Ravager  
  164  13:03  Ravager  
  164  13:04  Ravager  
  169  13:06  Ravager  
  169  13:11  Muscular Augments  
  170  13:17  Roach x11  
  200  13:20  Roach x4  
  200  13:23  Hatchery  
  199  13:32  Overseer x4  
  199  13:35  Pneumatized Carapace  
  199  13:41  Lurker  
  198  13:49  Lurker x2  
  198  13:54  Lurker x5  
  198  13:55  Lurker  
  200  14:00  Seismic Spines  
  200  14:24  Ultralisk Cavern  
  199  14:36  Extractor  
  188  14:42  Extractor  
Tags
 
Composition
Lurkers
Matchup
ZvZ
Race
Zerg
Replay Pack
2025 replay dump
Spawn Locations
Close Positions
Add a new tag
Caveats
  • Supply blocks, unpowered buildings, or Contaminate may cause inaccurate times.
  • Supply counts are checked every 10 seconds.